 Dungeon Crawl Stone Soup version 0.20-a0-792-g09bcfd3 (webtiles) character file.

34 Alarkh the Skirmisher (level 3, 0/29 HPs)
             Began as a Demonspawn Monk on Feb 28, 2017.
             Succumbed to an adder's poison
             ... on level 1 of the Dungeon.
             The game lasted 00:01:06 (696 turns).

Alarkh the Skirmisher (Demonspawn Monk)              Turns: 696, Time: 00:01:07

Health: 0/29       AC:  2    Str: 11    XL:     3   Next: 14%
Magic:  3/3        EV: 10    Int: 12    God:
Gold:   61         SH:  7    Dex: 15    Spells: 2/2 levels left

rFire    . . .     SeeInvis .   a - +0 falchion
rCold    . . .     Gourm    .   b - +0 robe
rNeg     . . .     Faith    .   i - +0 shield
rPois    .         Spirit   .   (no helmet)
rElec    .         Reflect  .   (no cloak)
rCorr    .         Harm     .   (no gloves)
MR       .....                  (no boots)
Stlth    ++++......             (no amulet)
Regen    0.1/turn               (no ring)
MPRegen  0.1/turn               (no ring)

@: lethally poisoned (0 -> -2)
A: nightstalker 2
a: no special abilities


You were on level 1 of the Dungeon.
You were not hungry.

You visited 1 branch of the dungeon, and saw 2 of its levels.

You collected 61 gold pieces.

Inventory:

Hand Weapons
 a - a +0 falchion (weapon)
Armour
 b - a +0 robe (worn)
 i - a +0 shield (worn)
Scrolls
 e - a scroll of fog {unknown}
 g - 3 scrolls of remove curse
 h - a scroll of identify {unknown}
Comestibles
 c - 3 bread rations
 d - a chunk of flesh


   Skills:
 + Level 3.4 Fighting
 * Level 3.3 Long Blades
 + Level 3.0 Dodging
 - Level 1.7 Stealth


You had 2 spell levels left.
You didn't know any spells.

Dungeon Overview and Level Annotations

Branches:
Dungeon (2/15)

Altars:
Sif Muna

Annotations:
D:2 Sigmund


Innate Abilities, Weirdness & Mutations

You are significantly more attuned to the shadows.


Message History

The adder is severely wounded.
* * * LOW HITPOINT WARNING * * *
You feel sick. You block the adder's attack. The adder barely misses you.
You riposte.
You slash the adder!
You kill the adder!
You have reached level 3!
Your experience leads to an increase in your attributes!
Increase (S)trength, (I)ntelligence, or (D)exterity?
You feel clever.
Your demonic ancestry asserts itself...
You slip further into the darkness.
* * * LOW HITPOINT WARNING * * *
You feel sick.
* * * LOW HITPOINT WARNING * * *
You feel sick.
* * * LOW HITPOINT WARNING * * *
You feel sick.
* * * LOW HITPOINT WARNING * * *
You feel sick.
You see here 3 stones.
You die...

#...# #.##.##...##.# ## #...####
#.#......##.######
#.......###..#............###
#####...####.#...#..............#
.................#...♣♣♣♣♣♣♣♣♣..#
..............#####..♣PP..PP..♣.#
.................#...♣PP..P...♣.#
#####...#####K.(.#...♣..PP...P♣.#
#......g..##@#...♣..P.<.PP♣..
#...########...#.♣PP...P..♣..
#...# ###.##.♣P...PP..♣.# # #...#
#......♣...P..PP♣.# ######.##
#.#.##.♣..PP..PP♣.# .......#
#.#.##..♣♣♣♣♣♣♣♣♣.. >#####.#####
#.#...............# ...........#
#.####...#.####.### .#..##.".#.#
#(####.#........#


You could see a kobold.

Vanquished Creatures
  An adder (D:1)
  2 dart slugs (D:1)
  A leopard gecko (D:1)
  A bat (D:1)
  A giant cockroach (D:1)
  4 goblins (D:1)
  3 hobgoblins (D:1)
  2 kobolds (D:1)
  4 rats (D:1)
19 creatures vanquished.

Notes
Turn   | Place    | Note
-------+----------+-------------------------------------------
     0 | D:1      | Alarkh the Demonspawn Monk began the quest for the Orb.
     0 | D:1      | Reached XP level 1. HP: 18/18 MP: 1/1
   317 | D:1      | Gained mutation: You are slightly more attuned to the shadows. [demonic ancestry]
   317 | D:1      | Reached XP level 2. HP: 18/24 MP: 2/2
   659 | D:1      | You fall through a shaft!
   659 | D:2      | Found a deep blue altar of Sif Muna.
   659 | D:2      | Noticed Sigmund
   678 | D:1      | Gained mutation: You are significantly more attuned to the shadows. [demonic ancestry]
   678 | D:1      | Reached XP level 3. HP: 4/29 MP: 3/3
   688 | D:1      | HP: 1/29 [poisoned by an adder]
   696 | D:1      | Succumbed to an adder's poison

Vault maps used:
D:1:      scummos_arrival_checkerplants
D:2:      old_standard_altar, nicolae_overflow_hidden_temple, first_bread,
          dk_vineyard_1, uniq_crazy_yiuf_cottage, uniq_sigmund

Skill      XL: |  1  2 |
---------------+-------+-----
Long Blades    | 3 |  3.3
Dodging        | 3 |  3.0
Fighting       | |  3.4
Stealth        | |  1.7

Action                   || total
-------------------------++-------
Melee: Falchion          ||    62
  Use: Scroll            ||     2
       Potion            ||     1
 Stab: Sleeping          ||     3
       Distracted        ||     1
Armor: Robe              ||    14
Dodge: Dodged            ||    35
Block: Shield            ||     2
       Rpst.: Falchion   ||     9
